 Dungeon Crawl Stone Soup version 0.30.0-18-gc0e69614cb (webtiles) character file.

Game seed: 15407028560750686819

65 JanusIIV the Shooter (level 3, 0/22 HPs)
             Began as a Deep Elf Hunter on May 25, 2023.
             Slain by an adder (2 damage)
             ... on level 3 of the Dungeon.
             The game lasted 00:02:20 (994 turns).

JanusIIV the Shooter (Deep Elf Hunter)               Turns: 994, Time: 00:02:20

Health: 0/22       AC:  3    Str: 12    XL:     3   Next: 94%
Magic:  5/5        EV: 12    Int: 12    God:
Gold:   93         SH:  0    Dex: 19    Spells: 2/2 levels left

rFire   . . .        a - +0 shortbow
rCold   . . .        (shield currently unavailable)
rNeg    . . .        c - +0 leather armour
rPois   .            (no helmet)
rElec   .            (no cloak)
rCorr   .            (no gloves)
SInv    .            (no boots)
Will    .....        l - amulet of the acrobat
Stlth   ++           (no ring)
HPRegen 0.23/turn    (no ring)
MPRegen 0.09/turn

%: random rage (3%), acrobat
@: hasted, invisible, very quick
A: berserk 1, mutation resistance 1, strong 1
a: no special abilities


You were on level 3 of the Dungeon.
You visited 1 branch of the dungeon, and saw 3 of its levels.

You collected 93 gold pieces.

Inventory:

Hand Weapons
 a - a +0 shortbow (weapon)
 h - a +2 longbow of draining
Armour
 c - a +0 leather armour (worn)
Jewellery
 j - an amulet of magic regeneration
 l - an amulet of the acrobat (around neck)
Wands
 n - a wand of roots (7)
Scrolls
 b - a scroll of immolation
 k - a scroll of amnesia {unknown}
 m - a scroll of identify {unknown}
 o - a scroll of fear {unknown}
Potions
 d - a potion of invisibility
 e - a potion of ambrosia {unknown}
 f - a potion of brilliance {unknown}
 g - a potion of mutation
 i - a potion of haste


   Skills:
 + Level 2.7 Fighting
 + Level 6.4 Ranged Weapons
 - Level 2.4 Dodging
 - Level 1.2 Stealth


You had 2 spell levels left.
You didn't know any spells.
Your spell library contained the following spells:

 Spells                   Type           Power      Damage    Failure   Level
 Dazzling Flash           Conj/Hex       0%         N/A       77%         3
 Volatile Blastmotes      Fire/Tloc      0%         2d10      77%         3
 Iskenderun's Mystic Bla  Conj/Tloc      0%         2d3       99%         4
 Starburst                Conj/Fire      0%         6d3       100%        6


Dungeon Overview and Level Annotations

Branches:
Dungeon (3/15)

Altars:


Innate Abilities, Weirdness & Mutations

You sometimes lose your temper in combat.
You are somewhat resistant to further mutation.
Your muscles are strong. (Str +4, Int/Dex -1)


Message History

The slug dart misses you.
You shoot an arrow. The arrow misses the bat.
The bat hits you but does no damage. The bat hits you.
You shoot an arrow. The arrow closely misses the adder.
The bat hits you but does no damage. The bat hits you.
An adder comes into view.
The adder bites you.
You are poisoned.
The adder poisons you! The adder bites you.
You are more poisoned.
The adder poisons you!
You shoot an arrow. The arrow misses the adder.
You feel very sick. The bat hits you but does no damage.
The adder barely misses you. The bat attacks as you move away!
The bat barely misses you.
You feel sick. The bat completely misses you. The adder bites you.
You feel sick.
You feel sick. The bat completely misses you.
The dart slug launches a dart at you. The slug dart misses you.
The bat attacks as you move away! The bat completely misses you.
You feel sick. The bat misses you. The bat closely misses you.
You feel sick. The adder attacks as you move away! The adder misses you.
You feel sick. The bat completely misses you.
Okay, then.
The bat attacks as you move away! The bat hits you.
* * * LOW HITPOINT WARNING * * *
x2 You feel sick.
The bat completely misses you.
It was a potion of invisibility.
You fade into invisibility!
* * * LOW HITPOINT WARNING * * *
You feel sick.
You are no longer poisoned.
The bat barely misses you.
It was a potion of mutation.
You feel extremely strange.
You feel a little pissed off.
You feel stronger.
You feel genetically stable. The adder barely misses you.
It was a potion of haste.
You feel yourself speed up. The adder bites you.
You die...

.# .#
############)#
#.........#..#
..........w..#.#
###.#...........
).#...######.###
#.##.#######.#
#.##bS@.......
#.##)########.#
#.##.# #.##.#
#.##.# ### #....#
#.. #.##.# #.#
#.##.# #.# ##
#.##.####.########
##.


You could see an adder (unable to see you) and a bat.

Vanquished Creatures
  A worm (D:2)
  An orc (D:3)
  7 endoplasms
  5 giant cockroaches
  5 goblins
  3 hobgoblins
  5 kobolds
  3 quokkas
  6 ball pythons
  11 bats
  3 frilled lizards
  3 rats
53 creatures vanquished.

Notes
Turn   | Place    | Note
-------+----------+-------------------------------------------
     0 | D:1      | JanusIIV the Deep Elf Hunter began the quest for the Orb.
     0 | D:1      | Reached XP level 1. HP: 12/12 MP: 3/3
    66 | D:1      | Reached XP level 2. HP: 17/17 MP: 4/4
   348 | D:1      | Reached skill level 6 in Ranged Weapons
   364 | D:1      | Reached XP level 3. HP: 21/21 MP: 5/5
   992 | D:3      | HP: 1/22 [poisoned by an adder]
   993 | D:3      | Gained mutation: You sometimes lose your temper in combat.
                  | [potion of mutation]
   993 | D:3      | Gained mutation: Your muscles are strong. (Str +4, Int/Dex
                  | -1) [potion of mutation]
   993 | D:3      | Gained mutation: You are somewhat resistant to further
                  | mutation. [potion of mutation]
   994 | D:3      | Slain by an adder

Illustrated notes

Levels and vault maps discovered:
D:1:      saegor_arrival_simple_e, layout_rooms, minmay_split_cup_small
D:2:      layout_rooms
D:3:      layout_loops_ring, nicolae_half_adder

Skill      XL: |  1  2 |
---------------+-------+-----
Fighting       | 2 |  2.7
Ranged Weapons | 6 |  6.4
Dodging        | |  2.4
Stealth        | |  1.2

Action                     || total
---------------------------++-------
   Fire: Shortbow          ||   122
    Use: Potion            ||     3
 Armour: Leather armour    ||    15
  Dodge: Dodged            ||    40
